 Dungeon Crawl Stone Soup version 0.23-a0-837-ga3e6480 (console) character file.

137 bli the Covered (level 5, 0/43 HPs)
             Began as a Barachi Fighter on Jan 24, 2019.
             Slain by Sigmund
             ... wielding a +0 scythe
              (5 damage)
             ... on level 3 of the Dungeon.
             The game lasted 00:07:13 (1963 turns).

bli the Covered (Barachi Fighter)                   Turns: 1963, Time: 00:07:13

Health: 0/43       AC: 11    Str: 23    XL:     5   Next: 20%
Magic:  5/5        EV:  7    Int:  8    God:
Gold:   152        SH: 10    Dex: 12    Spells: 4/4 levels left

rFire    x . .     SeeInvis .   a - +0 long sword
rCold    + . .     Gourm    .   c - +0 shield
rNeg     . . .     Faith    .   b - +0 scale mail
rPois    +         Spirit   .   u - +2 helmet
rElec    .         Reflect  .   (no cloak)
rCorr    .         Harm     .   r - +0 pair of gloves
MR       .....                  (no boots)
Stlth    ..........             (no amulet)
HPRegen  0.14/turn              A - ring of poison resistance
MPRegen  0.09/turn              j - ring of ice

@: mighty, slow
A: +LOS, swims, slowness 1, strong legs 1
a: Hop


You were on level 3 of the Dungeon.
You were not hungry.

You visited 1 branch of the dungeon, and saw 3 of its levels.

You collected 152 gold pieces.

Inventory:

Hand Weapons
 a - a +0 long sword (weapon)
 y - a +0 hunting sling
Missiles
 e - 119 stones (quivered)
 q - 19 poisoned needles
 v - 13 sling bullets
Armour
 b - a +0 scale mail (worn)
 c - a +0 shield (worn)
 h - a cursed +0 plate armour
 m - a +0 pair of gloves
 r - a +0 pair of gloves (worn)
 u - a +2 helmet (worn)
Jewellery
 j - a ring of ice (right hand)
 n - an uncursed ring of resist corrosion
 s - an uncursed ring of protection from cold
 A - a ring of poison resistance (left hand)
 C - a cursed ring of attention {unknown}
 D - an uncursed ring of see invisible {unknown}
Scrolls
 g - a scroll of magic mapping {unknown}
 i - a scroll of random uselessness {unknown}
 k - a scroll of blinking {unknown}
 o - a scroll of immolation {unknown}
 p - a scroll of noise {unknown}
 t - a scroll of fog {unknown}
 B - a scroll of remove curse {unknown}
Potions
 d - a potion of might
 l - 2 potions of curing {unknown}
 w - a potion of heal wounds {unknown}
 x - a potion of resistance {unknown}
Comestibles
 f - 10 rations
 z - 9 chunks of flesh


   Skills:
 + Level 4.4 Fighting
 * Level 4.1 Long Blades
 * Level 4.8 Armour
 - Level 4.0 Shields


You had 4 spell levels left.
You didn't know any spells.
Your spell library was empty.

Dungeon Overview and Level Annotations

Branches:
Dungeon (3/15)

Altars:
Gozag
Uskayaw

Annotations:
D:3 Jessica, Sigmund


Innate Abilities, Weirdness & Mutations

Shadows flee at your approach. (+LOS)
You can swim through water.
You cover ground slowly.
You can hop short distances.


Message History

You hit the dart slug but do no damage.
The dart slug is lightly wounded.
Something hits you but does no damage.
The dart slug bites you but does no damage.
You hit the dart slug.
The dart slug is heavily wounded.
Something hits you but does no damage.
You slash the dart slug!
You kill the dart slug!
Something hits you but does no damage.
Items here: ) / [ †† a +0 dagger; a +0 leather armour; a wand of clouds (8); a dart slug corpse; the goblin corpse of Ijyb You closely miss something.
Something hits you.
* * * LOW HITPOINT WARNING * * *
You closely miss something. Something hits you.
* * * LOW HITPOINT WARNING * * *
You feel very mighty all of a sudden. You block something's attack.
You miss something. Something hits you.
You die...

#........####....
#........##..... #........##....#
#........##....# #........##....#
#........##....####
######........##.....[.##########
.....+...........................
######........##..)....###.######
....^............###...# #.#
################@###...# #.#
....##......# #{.##...###.###
###.##......# ##.##...##....#
#.##......# #..#...##....#
###.##......######.#...##....#
....................#####....#
.......####...........# ##)###
.......# #...........# #.#####
###'#### #...........# #.#...#
#'# #...........####.#...## ...
#...........#.........#


There were no monsters in sight!

Vanquished Creatures
  Ijyb (D:3)
  3 adders
  An ooze (D:2)
  3 worms (D:2)
  2 dart slugs
  A leopard gecko (D:1)
  An orc (D:3)
  8 bats
  7 giant cockroaches
  6 goblins
  3 hobgoblins
  14 jackals
  5 kobolds
  3 frilled lizards
  4 rats
62 creatures vanquished.

Notes
Turn   | Place    | Note
-------+----------+-------------------------------------------
     0 | D:1      | bli the Barachi Fighter began the quest for the Orb.
     0 | D:1      | Reached XP level 1. HP: 18/18 MP: 1/1
    82 | D:1      | Reached XP level 2. HP: 23/25 MP: 2/2
   266 | D:1      | Reached XP level 3. HP: 29/30 MP: 3/3
   869 | D:2      | HP: 1/30 [poisoned by an adder]
   888 | D:2      | Reached XP level 4. HP: 27/37 MP: 4/4
  1001 | D:2      | Found an opulent altar of Gozag.
  1057 | D:2      | Found a hide-covered altar of Uskayaw.
  1916 | D:3      | Noticed Sigmund
  1916 | D:3      | Noticed Jessica
  1916 | D:3      | Noticed Ijyb
  1953 | D:3      | Killed Ijyb
  1953 | D:3      | Reached XP level 5. HP: 16/43 MP: 5/5
  1963 | D:3      | Slain by Sigmund

Vault maps used:
D:1:      minmay_arrival_four_houses, minivault_4
D:2:      lemuel_round_altar, nicolae_overflow_crystal_walls
D:3:      first_ration, uniq_jessica, uniq_ijyb, uniq_robin, uniq_sigmund

Skill      XL: |  1  2  3  4 |
---------------+-------------+-----
Fighting       | 4 |  4.4
Armour         | 4 |  4.8
Long Blades    | 4 |  4.1
Shields        | 4 |  4.0

Action                   |  1- 3 |  4- 6 || total
-------------------------+-------+-------++-------
Melee: Long sword        |   126 |   104 ||   230
  Use: Potion            |     2 |     1 ||     3
  Eat: Chunk             |       |     5 ||     5
Armor: Scale mail        |    60 |    56 ||   116
Dodge: Dodged            |    53 |    31 ||    84
Block: Shield            |    71 |    45 ||   116
       Rpst.: Long sword |     9 |     9 ||    18

Table legend:
 A = Non-vault XP
 B = Vault XP
 C = Vault XP percentage of total XP
 D = Non-vault monster count
 E = Vault monster count
 F = Vault count percentage of total count
                 A         B        C        D         E       F
            +---------+---------+-------+---------+---------+-------
      Total |     160 |      36 |  18.4 |      61 |       1 |   1.6
            +---------+---------+-------+---------+---------+-------
        D:1 |      55 |       0 |   0.0 |      31 |       0 |   0.0
        D:2 |      61 |       0 |   0.0 |      20 |       0 |   0.0
        D:3 |      44 |      36 |  45.0 |      10 |       1 |   9.1
            +---------+---------+-------+---------+---------+-------
